[Event "Live Chess"]
[Site "Chess.com"]
[Date "2024.06.02"]
[Round "-"]
[White "dhairyapandyauk"]
[Black "Andriy_Yaremovych"]
[Result "0-1"]
[WhiteElo "1639"]
[BlackElo "1660"]
[TimeControl "300"]
[EndTime "5:39:07 PDT"]
[Termination "Andriy_Yaremovych won by checkmate"]

1. e4 b6 2. d4 Bb7 3. Bd3 Nf6 4. f3 d6 5. c3 Nbd7 6. Ne2 e5 7. d5 g6 8. Bb5 a6 9. Bxd7+ Qxd7 10.
c4 Bg7 11. Nbc3 Nh5 12. Ng3 Nxg3 13. hxg3 h5 14. f4 O-O-O 15. Be3 Kb8 16. Qe2 f6 17. O-O-O Qe7 18. g4 h4 19. g3 g5 20. f5 Qd7 21. gxh4 gxh4 22. Qf2 h3 23. Qg3 Bh6 24. Rxh3 Bxe3+ 25. Qxe3 Rxh3 26. Qxh3 Qg7 27. Rh1 Rg8 28.
Rg1 Bc8 29. Nd1 Qg5+ 30. Qe3 Qh4 31. Qg3 Qg5+ 32. Ne3 Bd7 33. Kd2 Kb7 34. Ke2 b5 35. b3 c5 36. Rh1 Kb6 37. Rh7 Rg7 38. Rxg7 Qxg7 39. Qh4 Ka5 40. Kf3 Kb4 41. Qe1+ Ka3 42. Nc2+ Kxa2 43. Qa5+ Kxb3 44. Na1+ Kxc4 45. Qxa6 Qg5 46.
Qa2+ Kb4 47. Nc2+ Kc3 48. Ne3 Qf4+ 49. Ke2 Qh2+ 50. Kf3 Qxa2 51. g5 fxg5 52. f6 Be8 53. Nd1+ Kd2 54. Ne3 Qb3 55. Kg4 Qxe3 56. f7 Qf4+ 57.
Kh5 Bxf7+ 58. Kh6 Qf6+ 59. Kh7 Qg6+ 60. Kh8 Qg8# 0-1

[Event "Live Chess"]
[Site "Chess.com"]
[Date "2024.06.02"]
[Round "-"]
[White "upoe610"]
[Black "juniortay"]
[Result "0-1"]
[WhiteElo "2121"]
[BlackElo "2343"]
[TimeControl "300"]
[EndTime "5:39:32 PDT"]
[Termination "juniortay won by resignation"]

1. e4 e5 2. Nf3 Nf6 3. Bc4 Nxe4 4.
Nc3 Nxc3 5. dxc3 f6 6. Nh4 g6 7.
f4 Qe7 8. f5 Qg7 9. Qg4 c6 10.
fxg6 hxg6 11. Qxg6+ Kd8 12. Qxg7 Bxg7 13. Nf5 Bf8 14. Bd3 d5 15. g4 e4 16. Be2 Bxf5 17. gxf5 Bd6 18. h3 Bg3+ 19. Kf1 Nd7 20. Bg4 Ne5 21. Kg2 Bh4 22. Bf4 Kc7 23. Bxe5+ fxe5 24. Raf1 Raf8 25. c4 d4 26. c3 d3 27. Rd1 Rd8 28.
c5 e3 29. f6 Bxf6 30. Rhe1 Bg5 31. Kf3 e2 32. Rb1 d2 33. Kxe2 dxe1=Q+ 34. Rxe1 Rd2+ 35. Kf3 0-1

[Event "Live Chess"]
[Site "Chess.com"]
[Date "2024.06.02"]
[Round "-"]
[White "RuslanChessN"]
[Black "elephantgerrald"]
[Result "1-0"]
[WhiteElo "1947"]
[BlackElo "871"]
[TimeControl "300"]
[EndTime "5:39:42 PDT"]
[Termination "RuslanChessN won by checkmate"]

1. d4 d5 2. c4 dxc4 3. Nc3 e5 4. d5 c6 5. e4 cxd5 6. exd5 Nf6 7. Bxc4 Bc5 8. Nf3 O-O 9. O-O b6 10. Bg5 Bf5 11.
Nxe5 Bd6 12. f4 Bxe5 13. fxe5 Bg4 14. Bxf6 Bxd1 15. Bxd8 Rxd8 16. Raxd1 Re8 17. Rde1 h6 18. d6 Nd7 19. Bxf7+ Kh7 20. Bxe8 Rxe8 21. e6 Nc5 22. d7 Nxe6 23. dxe8=Q Nf4 24. Rxf4 b5 25. Re7 a5 26. Qf7 b4 27. Qxg7# 1-0

[Event "Live Chess"]
[Site "Chess.com"]
[Date "2024.06.02"]
[Round "-"]
[White "Pablo_dmp"]
[Black "BishopofWells"]
[Result "1-0"]
[WhiteElo "2006"]
[BlackElo "1535"]
[TimeControl "300"]
[EndTime "5:39:49 PDT"]
[Termination "Pablo_dmp won by resignation"]

1. e4 e6 2. Nc3 d5 3. Nf3 d4 4. Ne2 c5 5. c3 Nc6 6. cxd4 cxd4 7. Qa4 e5 8. Nxe5 Bd7 9. Nxd7 Qxd7 10. b3 Nge7 11. Bb2 Rd8 12. Rc1 g6 13. g3 Bg7 14.
Bg2 O-O 15. d3 a6 16. O-O Ne5 17. Bxd4 Qxa4 18. bxa4 Nxd3 19. Bxg7 Kxg7 20. Rc7 Nc6 21. Rxb7 Nc5 22. Rc7 Rc8 23. Rxc8 Rxc8 24. Rc1 Nxa4 25. e5 Ne7 26. Rxc8 Nxc8 27. f4 Nc5 28. Nd4 Ne7 29. Bf1 Kf8 30. Nb3 Nxb3 31. axb3 a5 32. Kf2 Ke8 33. Ke3 Kd7 34. Kd4 Kc6 35. Kc4 Kb6 36. h3 h5 37. Be2 Kc6 38. g4 hxg4 39. hxg4 Kb6 40. Bd3 Kc6 41. Be4+ Kb6 42. f5 gxf5 43.
gxf5 Nc8 44. Bd5 f6 45. exf6 Nd6+ 46. Kd3 Kc7 47. f7 1-0

[Event "Live Chess"]
[Site "Chess.com"]
[Date "2024.06.02"]
[Round "-"]
[White "Tatarinov_Maxim"]
[Black "PETROMICH1967"]
[Result "1-0"]
[WhiteElo "2289"]
[BlackElo "1352"]
[TimeControl "300"]
[EndTime "5:39:58 PDT"]
[Termination "Tatarinov_Maxim won by resignation"]

1. d4 Nf6 2. c4 g6 3. Nc3 Bg7 4. Nf3 d6 5. g3 O-O 6. Bg2 Nbd7 7. O-O c5 8. d5 a6 9. a4 Re8 10. h3 h5 11. e4 Nf8 12. Be3 N6h7 13. Qc2 e5 14. dxe6 Nxe6 15. Rad1 Nd4 16. Nxd4 cxd4 17. Bxd4 Bxd4 18. Rxd4 Qf6 19. Rfd1 Ng5 20. Rxd6 Be6 21. h4 Nf3+ 22. Kh1 Rac8 23. Nd5 Qe5 24. Bxf3 Bxd5 25. R6xd5 Qg7 26. Kg2 b5 27. axb5 axb5 28. Rxb5 Rc7 29. b3 Rec8 30. Rbd5 Qf6 31. e5 Qb6 32. Rd8+ Kg7 33.
Qc3 Rxd8 34. Rxd8 Qe6 35. Bd5 Qf5 36. e6+ Qf6 37. Rg8+ Kxg8 38. Qxf6 1-0

[Event "Live Chess"]
[Site "Chess.com"]
[Date "2024.06.02"]
[Round "-"]
[White "stevochess11"]
[Black "IgorSchukin"]
[Result "0-1"]
[WhiteElo "1682"]
[BlackElo "1776"]
[TimeControl "300"]
[EndTime "5:40:07 PDT"]
[Termination "IgorSchukin won by resignation"]

1. d4 d5 2. Nf3 Nf6 3. e3 g6 4. Bd3 Bg7 5. O-O O-O 6. Nbd2 b6 7. c3 Ba6 8. Bxa6 Nxa6 9. e4 Nxe4 10. Nxe4 dxe4 11.
Ng5 c5 12. Nxe4 cxd4 13. cxd4 Qxd4 14. Qxd4 Bxd4 15. Rd1 Rfd8 16. Bg5 f6 17. Bf4 Bxb2 18. Rxd8+ Rxd8 19. Rb1 Bd4 20. h4 Nc5 21. Nxc5 Bxc5 22. Re1 e5 23. Bc1 Kf7 24. Kf1 a5 25. f4 Bd4 26.
fxe5 Bxe5 27. Be3 b5 28. Rc1 Rb8 29. Rc6 a4 30. Ra6 h5 31. Ra7+ Ke6 32. Bc5 Kf5 33.
Ke2 Kg4 34. Bf2 Bg3 35. Rd7 Bxf2 36. Kxf2 Kxh4 37. Rd5 f5 38. g3+ Kg5 39. Kf3 b4 40. Ra5 b3 41. axb3 Rxb3+ 42. Kf2 a3 0-1

[Event "Live Chess"]
[Site "Chess.com"]
[Date "2024.06.02"]
[Round "-"]
[White "ameetghasi100"]
[Black "LL220284LL"]
[Result "1-0"]
[WhiteElo "2760"]
[BlackElo "2497"]
[TimeControl "300"]
[EndTime "5:40:14 PDT"]
[Termination "ameetghasi100 won by resignation"]

1. c4 e6 2. e3 Nf6 3. Nf3 d5 4. Nc3 b6 5. d4 Bb7 6. cxd5 Nxd5 7. Bd3 Be7 8. O-O O-O 9. e4 Nxc3 10. bxc3 Nd7 11. Qe2 c5 12. h4 Rc8 13. h5 h6 14. Bf4 cxd4 15. cxd4 e5 16. Nxe5 Nxe5 17. Bxe5 f6 18. Bg3 Qxd4 19. Rad1 Qc5 20. Qg4 Rc6 21. Bf4 Bc8 22. Qg6 f5 23. Qg3 fxe4 24. Bxe4 Rcf6 25. Be5 R6f7 26. Bd5 Bg5 27. Bxf7+ Rxf7 28. Bd4 Qf5 29. Be3 Bf6 30. Rc1 Kh7 31. Qg6+ Kg8 32.
Rfd1 Rf8 33. Qxf5 Bxf5 34. f3 Re8 35. Re1 Rd8 36. Rcd1 Rc8 37. Bd4 Bh4 38. Bf2 Bf6 39.
Rc1 Rd8 40. Red1 Re8 41. Rc7 a5 42. Rd2 b5 43. Bd4 Bg5 44. Rxg7+ Kf8 45. Rxg5 hxg5 46. h6 b4 47. g4 Bb1 48. Bb6 a4 49. Bc5+ Kg8 50.
Bxb4 Kh7 51. Rh2 Re3 52. Kf2 Rd3 53. a3 Ba2 54. Rh5 Bd5 55. Rxg5 Bxf3 56. Bf8 Bd1 57. Rf5 Bxg4 58. Rf4 Bd1 59. Rf7+ Kh8 60. Bg7+ Kh7 61. Bf8+ Kh8 62. Bb4 Rd8 63. Bc3+ Kg8 64. Rg7+ Kf8 65. h7 1-0

[Event "Live Chess"]
[Site "Chess.com"]
[Date "2024.06.02"]
[Round "-"]
[White "Grace6363"]
[Black "ProfPoisson"]
[Result "0-1"]
[WhiteElo "1134"]
[BlackElo "1325"]
[TimeControl "300"]
[EndTime "5:40:28 PDT"]
[Termination "ProfPoisson won by resignation"]

1. d4 e6 2. c4 f5 3. Nf3 Nf6 4. Bg5 Bb4+ 5. Nc3 Bxc3+ 6. bxc3 h6 7. Bxf6 Qxf6 8. Ne5 d6 9. Qa4+ Bd7 10. Nxd7 Nxd7 11.
e3 c6 12. Be2 O-O 13. O-O-O Nb6 14. Qc2 c5 15. g4 f4 16. Bf3 fxe3 17. Bxb7 Rab8 18.
Be4 exf2 19. Rhf1 Qf4+ 20. Kb1 Nxc4+ 21. Ka1 Ne3 22. Rxf2 Nxc2+ 0-1

[Event "Live Chess"]
[Site "Chess.com"]
[Date "2024.06.02"]
[Round "-"]
[White "Victor_Bondar"]
[Black "Ninifu"]
[Result "0-1"]
[WhiteElo "1457"]
[BlackElo "2014"]
[TimeControl "300"]
[EndTime "5:40:39 PDT"]
[Termination "Ninifu won by resignation"]

1. e4 d5 2. exd5 Nf6 3. Nc3 Nxd5 4. Nxd5 Qxd5 5. d4 Nc6 6. Be3 e6 7. c4 Bb4+ 8. Ke2 Qxc4+ 9. Qd3 Qxd3+ 10. Kxd3 O-O 11.
a3 Be7 12. Nf3 Bf6 13. Be2 b6 14. Rhd1 Bb7 15. g4 g6 16. g5 Bg7 17. h4 Rad8 18. Kc2 Na5 19. Ne5 Bxe5 20. dxe5 Be4+ 21. Kc3 c5 22. b4 cxb4+ 23. axb4 Rc8+ 24. Kd4 Bc2 25. Bd2 Bxd1 26. bxa5 Bxe2 27. axb6 axb6 28. Ke3 Bc4 29. Bb4 Rfd8 30. Bd6 Ra8 31. Rc1 b5 32. Rd1 Ra2 33. Rd4 Rda8 34. Rf4 Rc2 35. h5 gxh5 36. f3 Ra4 37. Re4 Bd5 38. Rd4 Rxd4 39. Kxd4 h4 40. Kd3 Ra2 41. Bb4 h3 42. Kd4 h2 43. g6 hxg6 44.
Kc5 h1=Q 45. f4 Qc1+ 46. Kd6 Ra6+ 47. Ke7 Kg7 48. Bd6 Ra7+ 49. Kd8 Qc6 0-1

[Event "Live Chess"]
[Site "Chess.com"]
[Date "2024.06.02"]
[Round "-"]
[White "Dhaydon19"]
[Black "FlyingChessKestrel13"]
[Result "1-0"]
[WhiteElo "2642"]
[BlackElo "2081"]
[TimeControl "300"]
[EndTime "5:40:42 PDT"]
[Termination "Dhaydon19 won by resignation"]

1. d4 d5 2. Nf3 Nf6 3. g3 Bf5 4. c3 c6 5. Bg2 e6 6. O-O Bd6 7. Nbd2 O-O 8. Re1 Nbd7 9. Nh4 Bg6 10. Nxg6 hxg6 11. e4 dxe4 12. Nxe4 Nxe4 13. Bxe4 Nf6 14.
Bf3 Qc7 15. Qb3 b6 16. Qc4 Rac8 17. a4 c5 18. dxc5 Bxc5 19. Qe2 a5 20. Bf4 Qe7 21. Rad1 Rfd8 22. Kg2 Rxd1 23. Rxd1 Rd8 24. Rxd8+ Qxd8 25. Qc4 Qd7 26. Qb5 Qxb5 27. axb5 Nd5 28. Bd2 a4 29.
Kf1 a3 30. bxa3 Bxa3 31. Bxd5 exd5 32. Be3 Kf8 33. Bxb6 Ke8 34. Bd4 f6 35. Ke2 Kd7 36. Kd3 Kd6 37. f3 g5 38. h4 gxh4 39. gxh4 Ke6 40. h5 Bd6 41. b6 Kd7 42. c4 dxc4+ 43. Kxc4 Kc6 44. b7 Kxb7 45. Kd5 Bf4 46. Ke4 Bh6 47. Kf5 Kc6 48. Kg6 Kd5 49. Bxf6 Bf4 50.
Bxg7 Ke6 51. h6 Bxh6 52. Bxh6 Ke5 53. f4+ Ke6 54. f5+ Ke7 55. f6+ 1-0

[Event "Live Chess"]
[Site "Chess.com"]
[Date "2024.06.02"]
[Round "-"]
[White "AlanBstard10"]
[Black "Ferrarifan27"]
[Result "0-1"]
[WhiteElo "1228"]
[BlackElo "2160"]
[TimeControl "300"]
[EndTime "5:40:48 PDT"]
[Termination "Ferrarifan27 won by resignation"]

1. Nf3 Nf6 2. c4 e6 3. Nc3 d5 4. cxd5 exd5 5. b3 c6 6. Bb2 Bd6 7. e3 O-O 8. g3 Bg4 9. Bg2 Nbd7 10. h3 Bh5 11. O-O Ne5 12. d4 Nxf3+ 13. Bxf3 Bxf3 14. Qxf3 Re8 15. Rfe1 Qc7 16. Ne2 Ne4 17. Kg2 g6 18. a4 Nd2 19. Qg4 Nxb3 20. Ba3 Nxa1 21. Bxd6 Qxd6 22. Rxa1 f5 23. Qg5 Kg7 24. Nf4 Qe7 25. Qxe7+ Rxe7 26. Rb1 a6 27. Nd3 b5 28. axb5 axb5 29. Nc5 Rea7 30. Rc1 Ra1 31. Rc2 R8a2 32. Rc3 Ra3 33. Rc2 R1a2 34. Rc1 Rxe3 35. Nb7 Ree2 36. Rxc6 Rxf2+ 37. Kg1 Rfc2 38. Rxc2 Rxc2 39. Nc5 b4 40. Kf1 Rxc5 41. dxc5 b3 42. Ke1 b2 43. Kd1 b1=Q+ 0-1

[Event "Live Chess"]
[Site "Chess.com"]
[Date "2024.06.02"]
[Round "-"]
[White "alicechristina"]
[Black "CarmelJane"]
[Result "1-0"]
[WhiteElo "1940"]
[BlackElo "2000"]
[TimeControl "300"]
[EndTime "5:41:01 PDT"]
[Termination "alicechristina won by resignation"]

1. c4 e5 2. Nc3 Nf6 3. g3 Nc6 4. Bg2 Bb4 5. e4 Bxc3 6. bxc3 d6 7. Ne2 Be6 8. d3 O-O 9. O-O h6 10. f4 exf4 11. Nxf4 Ne5 12. Nxe6 fxe6 13. Bf4 Nc6 14.
d4 Na5 15. Qd3 e5 16. Be3 Qe7 17. Rab1 Ng4 18. Bd2 Rxf1+ 19. Rxf1 Rf8 20. Rxf8+ Qxf8 21. Qe2 Nf6 22. Qf3 Nxc4 23. Bc1 Qe8 24. Bf1 Nb6 25. d5 Qa4 26. Bd3 Qxa2 27. Bxh6 Qa1+ 28. Bf1 Nbd7 29. Bd2 a5 30. g4 Qb2 31. Bg5 a4 32. Bxf6 Nxf6 33.
g5 Nd7 34. Qf5 Nc5 35. g6 Nd7 36. Qf7+ Kh8 37. Qe8+ 1-0

[Event "Live Chess"]
[Site "Chess.com"]
[Date "2024.06.02"]
[Round "-"]
[White "MagnersCarlsberg2870"]
[Black "Bradfield133"]
[Result "0-1"]
[WhiteElo "1755"]
[BlackElo "1846"]
[TimeControl "300"]
[EndTime "5:41:23 PDT"]
[Termination "Bradfield133 won by resignation"]

1. Nf3 d6 2. b3 e5 3. e4 Bg4 4.
Bc4 Nf6 5. h3 Bh5 6. g4 Bg6 7.
Nc3 Nxe4 8. Nxe4 Bxe4 9. d3 Bxf3 10. Qxf3 f6 11. Qxb7 Nd7 12. Qd5 Qb8 13. Qf7+ Kd8 14.
Bd5 Nc5 15. Bc6 Be7 16. Ba3 Qb6 17. Bxc5 Qxc6 18. Be3 Qxh1+ 19. Kd2 Qxa1 20. Qd5 Rc8 0-1

[Event "Live Chess"]
[Site "Chess.com"]
[Date "2024.06.02"]
[Round "-"]
[White "slava_ukr"]
[Black "Queensandpawns"]
[Result "1-0"]
[WhiteElo "2361"]
[BlackElo "2274"]
[TimeControl "300"]
[EndTime "5:41:43 PDT"]
[Termination "slava_ukr won by resignation"]

1. e4 e5 2. Nf3 Nf6 3. Nxe5 Nc6 4.
Nxc6 dxc6 5. d3 Bc5 6. Be2 h5 7.
h3 Be6 8. Nc3 Bb6 9. Bg5 Qd6 10.
Qd2 O-O-O 11. Be3 c5 12. O-O-O Nd7 13. f4 f6 14. g4 h4 15. Rhg1 c4 16. d4 c6 17. f5 Bf7 18. g5 Qb4 19. a3 Qa4 20. Nxa4 Bc7 21. Bf4 1-0

[Event "Live Chess"]
[Site "Chess.com"]
[Date "2024.06.02"]
[Round "-"]
[White "gmnorfolk"]
[Black "dmitro74"]
[Result "1-0"]
[WhiteElo "2151"]
[BlackElo "1724"]
[TimeControl "300"]
[EndTime "5:42:03 PDT"]
[Termination "gmnorfolk won by resignation"]

1. c4 e5 2. Nc3 Nf6 3. Nf3 Nc6 4. g3 d6 5. Bg2 Be7 6. O-O O-O 7. e3 Be6 8. b3 d5 9. cxd5 Nxd5 10. Nxd5 Bxd5 11. Bb2 Bf6 12. d4 exd4 13. Nxd4 Bxg2 14. Kxg2 Nxd4 15. Bxd4 Bxd4 16. Qxd4 Qxd4 17. exd4 c6 18. Rfd1 Rad8 19. Rd3 Rfe8 20. Rad1 Rd5 21. Re3 Kf8 22. Rde1 Rdd8 23. Kf3 Rxe3+ 24. fxe3 f5 25. Kf4 g6 26. g4 fxg4 27.
Kxg4 Kg7 28. h4 Rd5 29. Rd1 h5+ 30. Kg3 g5 31. e4 gxh4+ 32. Kxh4 Ra5 33. Rd2 Kh6 34.
e5 Rd5 35. b4 b6 36. Kg3 c5 37. e6 cxd4 38. Re2 Rd8 39. Kf4 Kg6 40. Ke5 d3 41. Rg2+ Kh7 42. e7 Re8 43. Kf6 Rc8 44. Kf7 Rc7 45.
Kf8 Rc8+ 46. e8=Q Rxe8+ 47. Kxe8 h4 48. Rh2 Kg6 49. Rxh4 Kf5 50. Rd4 1-0

[Event "Live Chess"]
[Site "Chess.com"]
[Date "2024.06.02"]
[Round "-"]
[White "degringolade64"]
[Black "halfberg"]
[Result "1-0"]
[WhiteElo "2134"]
[BlackElo "1879"]
[TimeControl "300"]
[EndTime "5:42:08 PDT"]
[Termination "degringolade64 won by resignation"]

1. e4 c5 2. Nf3 Nc6 3. Bb5 Nd4 4. Nxd4 cxd4 5. O-O a6 6. Bc4 b5 7. Bxf7+ Kxf7 8.
Qh5+ g6 9. Qd5+ e6 10. Qxa8 Be7 11. d3 Nf6 12. e5 Nd5 13. Qa7 Nb6 14. Bd2 Bc5 15. Ba5 Re8 16. b4 Na4 17. Qa8 Bb6 18.
Bxb6 Qxb6 19. Qf3+ Kg7 20. Nd2 Rf8 21. Qg3 Nc3 22.
Rae1 Bb7 23. Qh4 Qc6 24. f3 Qd5 25. Qg5 Rf5 26. Qe7+ Rf7 27. Qd6 Qxd6 28. exd6 Nxa2 29. Ne4 Nxb4 30. Nc5 Bc6 31. Ra1 Nxc2 32. Rxa6 Ne3 33. Rb1 g5 34. Nxe6+ dxe6 35. Rxc6 g4 36. Rc7 gxf3 37.
gxf3 Nd5 38. Rxf7+ Kxf7 39. Rxb5 Ke8 40. Rb7 e5 41. Rxh7 Nf4 42. Re7+ Kd8 43. Rxe5 Nxd3 44. Re4 1-0

[Event "Live Chess"]
[Site "Chess.com"]
[Date "2024.06.02"]
[Round "-"]
[White "GEMdzq"]
[Black "upoe610"]
[Result "1-0"]
[WhiteElo "2296"]
[BlackElo "2117"]
[TimeControl "300"]
[EndTime "5:42:23 PDT"]
[Termination "GEMdzq won by resignation"]

1. e4 e5 2. d4 exd4 3. c3 Qe7 4.
cxd4 Qxe4+ 5. Be3 Nf6 6. Nc3 Bb4 7. Nf3 Nd5 8. Qd2 Nxe3 9. Nxe4 Bxd2+ 10. Kxd2 Nxf1+ 11.
Rhxf1 d5 12. Nc3 c6 13. Rfe1+ Be6 14. Ng5 Kd7 15. Nxe6 fxe6 16. Re5 Rf8 17. f3 Na6 18. Rae1 Nc7 19. Na4 b6 20. b4 Rf4 21. Kd3 a5 22. Nxb6+ Kd6 23. Nxa8 Nxa8 24. Rxe6+ Kc7 25. Re7+ 1-0

[Event "Live Chess"]
[Site "Chess.com"]
[Date "2024.06.02"]
[Round "-"]
[White "TheSmoulderingMaster"]
[Black "defenderalist"]
[Result "1/2-1/2"]
[WhiteElo "1772"]
[BlackElo "1554"]
[TimeControl "300"]
[EndTime "5:42:34 PDT"]
[Termination "Game drawn by repetition"]

1. e4 c5 2. Nf3 d6 3. d4 cxd4 4. Nxd4 Nc6 5. Nc3 Nf6 6. Be3 a6 7. f3 e6 8. Qd2 Be7 9. O-O-O b5 10. g4 Nxd4 11. Bxd4 b4 12. Ne2 a5 13. Ng3 Nd7 14.
h4 Qc7 15. g5 Nc5 16. f4 Ba6 17. Bxa6 Rxa6 18. f5 e5 19. Bxc5 Qxc5 20. f6 gxf6 21. gxf6 Bxf6 22. Nf5 Rc6 23. Rh2 Be7 24. Rf2 a4 25. Rdf1 b3 26. axb3 axb3 27. c3 Ra6 28. Qd3 Bxh4 29. Nxh4 Ra1+ 30. Kd2 Rxf1 31. Rxf1 Rg8 32.
Nf5 Rg2+ 33. Kd1 Kd7 34. Ne3 Rxb2 35. Rxf7+ Ke8 36. Rb7 Qa3 37. Qb5+ Kf8 38. Rb8+ Kg7 39. Nf5+ Kf6 40. Rf8+ Kg5 41. Rg8+ Kf4 42. Qf1+ Kxe4 43. Rg4+ Kd5 44. Qd3+ Ke6 45. Ng7+ Ke7 46. Nf5+ Ke6 47. Ng7+ Ke7 48. Nf5+ Ke6 1/2-1/2

[Event "Live Chess"]
[Site "Chess.com"]
[Date "2024.06.02"]
[Round "-"]
[White "RuslanChessN"]
[Black "BishopofWells"]
[Result "0-1"]
[WhiteElo "1932"]
[BlackElo "1550"]
[TimeControl "300"]
[EndTime "5:42:51 PDT"]
[Termination "BishopofWells won by resignation"]

1. d4 d5 2. c4 e6 3. Nc3 Nf6 4. Bg5 Be7 5. Nf3 h6 6. Bh4 O-O 7. e3 c6 8. Qc2 Nbd7 9. cxd5 exd5 10. Bd3 Re8 11. O-O Nf8 12. Rab1 Bg4 13. Ne5 Be6 14. b4 N8d7 15. Bg3 Nb6 16. b5 c5 17. a4 c4 18. Bf5 Qc8 19. a5 Bxf5 0-1

[Event "Live Chess"]
[Site "Chess.com"]
[Date "2024.06.02"]
[Round "-"]
[White "stevochess11"]
[Black "ameetghasi100"]
[Result "0-1"]
[WhiteElo "1682"]
[BlackElo "2760"]
[TimeControl "300"]
[EndTime "5:43:10 PDT"]
[Termination "ameetghasi100 won by resignation"]

1. d4 a6 2. f3 g6 3. c3 d5 4. Nd2 c5 5. e4 Nc6 6. e5 Nh6 7. Nb3 c4 8. Nc5 b6 9. Na4 Nf5 10. g4 Ng7 11. f4 h5 12. Be2 hxg4 13. Bxg4 Nf5 14. Nf3 Ne3 15. Bxe3 Bxg4 16. Qe2 Rh3 17. Rf1 Rb8 18. O-O-O Qc8 19. b3 Rxf3 20. Rxf3 e6 21. bxc4 Na5 22. Rg1 Bxf3 23. Qxf3 Qxc4 24. Qd1 b5 25.
Nc5 Bxc5 26. dxc5 Qxc3+ 27. Kb1 Qxe3 28. Re1 Qxc5 0-1

[Event "Live Chess"]
[Site "Chess.com"]
[Date "2024.06.02"]
[Round "-"]
[White "GwaryTek"]
[Black "CarmelJane"]
[Result "1-0"]
[WhiteElo "1861"]
[BlackElo "1989"]
[TimeControl "300"]
[EndTime "5:43:27 PDT"]
[Termination "GwaryTek won by resignation"]

1. d4 g6 2. c4 Bg7 3. Nf3 c5 4.
Nc3 cxd4 5. Nxd4 Nc6 6. Nc2 Nf6 7. g3 O-O 8. Bg2 d6 9. O-O Bd7 10. b3 Rb8 11. Bb2 a6 12. Nd5 Nxd5 13. Bxg7 Kxg7 14.
cxd5 Na7 15. Qd4+ f6 16. Qxa7 b6 17. Qxa6 Bf5 18. Nd4 1-0

[Event "Live Chess"]
[Site "Chess.com"]
[Date "2024.06.02"]
[Round "-"]
[White "missedJariChance"]
[Black "Mikhail_Golubev"]
[Result "0-1"]
[WhiteElo "1375"]
[BlackElo "2484"]
[TimeControl "300"]
[EndTime "5:43:37 PDT"]
[Termination "Mikhail_Golubev won by resignation"]

1. b3 d6 2. Bb2 Nd7 3. Nf3 e5 4.
e3 Ngf6 5. Be2 g6 6. O-O Bg7 7. d3 O-O 8. e4 Nh5 9. Nbd2 Nf4 10. Nc4 f5 11. d4 fxe4 12. Nh4 Qxh4 13. dxe5 d5 14.
g3 Nxe2+ 15. Qxe2 Qe7 16. Ne3 c6 17. c4 Nxe5 18. cxd5 Nf3+ 19. Kh1 Qd7 20. g4 Qd6 0-1

[Event "Live Chess"]
[Site "Chess.com"]
[Date "2024.06.02"]
[Round "-"]
[White "TC2304"]
[Black "KeithArkell"]
[Result "1/2-1/2"]
[WhiteElo "2338"]
[BlackElo "2416"]
[TimeControl "300"]
[EndTime "5:44:22 PDT"]
[Termination "Game drawn by agreement"]

1. d4 e6 2. Nf3 Nf6 3. Bg5 c5 4. e3 cxd4 5. exd4 Be7 6. Bd3 O-O 7. c3 b6 8. Nbd2 Ba6 9. Bxa6 Nxa6 10. O-O Nc7 11. a4 a6 12. Ne5 Nfd5 13. Bxe7 Qxe7 14. a5 b5 15. Nb3 d6 16. Nd3 Qd7 17. Qg4 Nf6 18. Qg3 Ncd5 19. Rae1 Qc6 20. f4 Ne7 21.
Nd2 Nf5 22. Qh3 h5 23. Nf2 Qc7 24. Nde4 Nxe4 25. Nxe4 g6 26. Rf3 Kg7 27. Ng3 Nxg3 28. Qxg3 Qxa5 29. f5 exf5 30. Qxd6 Rfe8 31. Ref1 Re2 32.
Qg3 Kh7 33. Qg5 Qd8 34. Rxf5 Qxg5 35. Rxg5 Kg7 36. Rc5 Rxb2 37. Rc7 Rf8 38. Ra1 Re8 39. Rf1 Rf8 40. Ra1 b4 41. cxb4 Rxb4 42. Rxa6 Rxd4 43. Raa7 Rf4 44. Ra1 h4 45. Rac1 Ra8 46. R7c4 Rxc4 47. Rxc4 g5 48. h3 Ra2 49. Rc8 Kg6 50. Rg8+ Kf5 51.
Rb8 Re2 52. Rb5+ Re5 53. Rb7 f6 54. Rb6 Rd5 55. Ra6 Ke5 56. Rb6 f5 57. Rb8 Rd4 58.
Re8+ Kf4 59. Kh2 Rd2 60. Rf8 Re2 61. Rf7 Re5 62. Rf8 Ke3 63. Ra8 Kf4 64. Ra4+ Re4 65. Ra3 g4 66. hxg4 fxg4 67. g3+ hxg3+ 68. Rxg3 Re2+ 69. Rg2 g3+ 70. Kh1 Re1+ 71. Rg1 Re8 72. Ra1 Kg4 73. Kg2 Re2+ 74. Kg1 Kh3 75. Rb1 Rh2 76.
Ra1 Rd2 77. Rb1 1/2-1/2

[Event "Live Chess"]
[Site "Chess.com"]
[Date "2024.06.02"]
[Round "-"]
[White "alicechristina"]
[Black "MagnersCarlsberg2870"]
[Result "1-0"]
[WhiteElo "1949"]
[BlackElo "1751"]
[TimeControl "300"]
[EndTime "5:44:25 PDT"]
[Termination "alicechristina won by resignation"]

1. c4 e5 2. Nc3 Bb4 3. g3 Bxc3 4.
bxc3 d6 5. Bg2 f6 6. Rb1 Nc6 7. d4 Nge7 8. e4 O-O 9. Ne2 b6 10. O-O Bg4 11. f3 Bd7 12. f4 Qc8 13. f5 g6 14. g4 h5 15. gxh5 gxf5 16. exf5 Bxf5 17. Bh6 Rf7 18. Ng3 Bxb1 19. Qxb1 Qg4 20. Bf3 Qh3 21. Bxc6 Nxc6 22. Qg6+ 1-0

[Event "Live Chess"]
[Site "Chess.com"]
[Date "2024.06.02"]
[Round "-"]
[White "Queensandpawns"]
[Black "NAZRIZ1977"]
[Result "1-0"]
[WhiteElo "2278"]
[BlackElo "2090"]
[TimeControl "300"]
[EndTime "5:44:32 PDT"]
[Termination "Queensandpawns won by resignation"]

1. e4 d6 2. d4 Nf6 3. Nc3 e5 4.
Be3 Nbd7 5. Qd2 Be7 6. Nf3 c6 7. O-O-O Qc7 8. Bc4 b5 9. Bb3 b4 10. Ne2 Nxe4 11. Qd3 d5 12. dxe5 a5 13. Bf4 Bb7 14. e6 Qb6 15. exd7+ Kf8 16. Be3 Qc7 17. Nf4 Ba6 18. Qd4 Bf6 19. Qb6 Qxd7 20. Nxd5 1-0

[Event "Live Chess"]
[Site "Chess.com"]
[Date "2024.06.02"]
[Round "-"]
[White "vincents82"]
[Black "imchessive"]
[Result "1-0"]
[WhiteElo "1993"]
[BlackElo "1592"]
[TimeControl "300"]
[EndTime "5:45:04 PDT"]
[Termination "vincents82 won by checkmate"]

1. e4 c5 2. Nf3 e6 3. d4 cxd4 4.
Nxd4 a6 5. g3 Qc7 6. Bg2 Nf6 7.
O-O Nc6 8. Nc3 Rb8 9. Re1 Nxd4 10. Qxd4 Bc5 11. Bf4 Qb6 12. Qd3 Bxf2+ 13. Kh1 Bxe1 14.
Bxb8 Ng4 15. Nd1 O-O 16. Bd6 Re8 17. h3 Nf2+ 18. Nxf2 Bxf2 19. Rf1 Bc5 20. e5 Bxd6 21. exd6 Qxb2 22. Qf3 f5 23. g4 Qe5 24. gxf5 exf5 25. Qd5+ Qxd5 26. Bxd5+ Kh8 27. Rxf5 b5 28. Kg2 Re2+ 29.
Kf3 Rxc2 30. Rf8# 1-0

[Event "Live Chess"]
[Site "Chess.com"]
[Date "2024.06.02"]
[Round "-"]
[White "davigator"]
[Black "friarnator"]
[Result "0-1"]
[WhiteElo "2344"]
[BlackElo "2214"]
[TimeControl "300"]
[EndTime "5:45:25 PDT"]
[Termination "friarnator won by resignation"]

1. e4 c5 2. Nf3 d6 3. d4 cxd4 4.
Nxd4 Nf6 5. Nc3 a6 6. Bg5 e6 7. f4 h6 8. Bh4 Qb6 9. a3 Be7 10. Bf2 Qc7 11. Qf3 b5 12. O-O-O Bb7 13. g4 Nbd7 14. h4 d5 15. Bd3 Nc5 16. e5 Nfe4 17. Be1 Nxd3+ 18. cxd3 Nxc3 19. Bxc3 Bxa3 20. Kb1 Be7 21. g5 hxg5 22. hxg5 Rxh1 23. Rxh1 g6 24. Rh7 b4 25. Bd2 Rc8 26. Qd1 Qc5 27. Be3 Qc7 28. Qa4+ Kf8 29. Qd1 a5 30. Qa4 Kg8 31. Rh1 Bc5 32. Rc1 Qb6 33. Qd7 Rd8 34. Qb5 Qxb5 35. Nxb5 Bxe3 36. Rc7 Ba6 37. Nd6 b3 38. Nxf7 Rc8 39.
Nh6+ Kf8 0-1

[Event "Live Chess"]
[Site "Chess.com"]
[Date "2024.06.02"]
[Round "-"]
[White "WilliamofOrange16th"]
[Black "ukraineZelensky"]
[Result "1-0"]
[WhiteElo "2013"]
[BlackElo "1416"]
[TimeControl "300"]
[EndTime "5:45:37 PDT"]
[Termination "WilliamofOrange16th won by resignation"]

1. e4 e5 2. Nf3 d6 3. d4 exd4 4. Qxd4 Nf6 5. Nc3 c5 6. Bb5+ Nc6 7. Qd3 Bd7 8. O-O Be7 9. Nd5 Nxd5 10. exd5 Ne5 11. Nxe5 Bxb5 12. Qxb5+ Kf8 13. Nf3 a6 14. Qd3 Bf6 15. Rb1 g6 16. c4 Kg7 17. b3 Re8 18. Bb2 Bxb2 19. Rxb2 Qf6 20. Re2 Rxe2 21. Qxe2 Kf8 22. Re1 Kg7 23. g3 Rd8 24. h4 h6 25.
Nd2 Qd4 26. Qe3 Qxe3 27. Rxe3 Rd7 28. Re8 f5 29. f4 Kf7 30. Rb8 Kg7 31. Kf2 Kf6 32. a3 g5 33. hxg5+ hxg5 34. Nf3 gxf4 35. gxf4 a5 36. Rf8+ Kg6 37. Nh4+ Kh5 38. Nxf5 Kg4 39. Ne3+ Kh4 40. Kf3 b6 41. Rh8+ 1-0